 Dungeon Crawl Stone Soup version 0.27-a0-1378-gdefffd1ff6 (webtiles) character file.

Game seed: 14946129940636527784

12347 dickylongcocking the Fighter (level 12, -39/104 HPs)
             Began as a Djinni Wanderer on June 29, 2021.
             Was a Priest of Makhleb.
             Shot with a bolt by a yaktaur captain (51 damage)
             ... on level 10 of the Dungeon.
             The game lasted 00:19:46 (13327 turns).

dickylongcocking the Fighter (Djinni Wanderer)     Turns: 13327, Time: 00:20:00

Health: -39/104    AC: 13    Str: 11    XL:     12   Next: 19%
Gold:   292        EV: 13    Int: 19    God:    Makhleb [***...] SH:  0 Dex: 13

rFire    + + +     SeeInvis .   i - staff of air
rCold    . . .     Faith    .   (no shield)
rNeg     . . .     Spirit   .   I - +0 acid dragon scales
rPois    ∞         Reflect  .   o - +0 helmet
rElec    +         Harm     .   n - +2 cloak {Will+}
rCorr    +         Rampage  .   q - +2 pair of gloves
Will     ++...                  (boots unavailable)
Stlth    +.........             (no amulet)
HPRegen  0.27/turn              E - ring of wizardry
MPRegen  0.00/turn              (no ring)

@: resistant, unable to read, flying
A: sickness immunity, fire resistance 2, cold vulnerability 1, float, innate
caster, hp casting, extra vitality 1, claws 1, robust 1, wild magic 1
a: Renounce Religion, Minor Destruction, Lesser Servant of Makhleb


You were on level 10 of the Dungeon.
You worshipped Makhleb.
Makhleb was most pleased with you.
You visited 2 branches of the dungeon, and saw 11 of its levels.

You collected 500 gold pieces.
You spent 208 gold pieces at shops.

Inventory:

Hand Weapons
 a - a +0 dagger
 h - a +3 scimitar of flaming
Missiles
 t - a throwing net
 G - a curare-tipped dart
Armour
 n - a +2 cloak of willpower (worn)
 o - a +0 helmet (worn)
 q - a +2 pair of gloves (worn)
 v - a scarf of shadows
 w - +0 steam dragon scales
 I - +0 acid dragon scales (worn)
Magical Staves
 i - a staff of air (weapon)
 L - a staff of earth
Jewellery
 y - a ring of flight
 E - a ring of wizardry (left hand)
 F - an amulet of the acrobat
Wands
 e - a wand of flame (23)
 f - a wand of paralysis (13)
 r - a wand of charming (8)
 M - a wand of iceblast (10)
Scrolls
 b - 2 scrolls of identify
 c - 5 scrolls of teleportation
 d - 3 scrolls of noise
 j - 2 scrolls of magic mapping
 l - 3 scrolls of silence
 p - 5 scrolls of fog {unknown}
 u - a scroll of brand weapon
 x - a scroll of enchant weapon {unknown}
 A - 3 scrolls of amnesia {unknown}
 H - a scroll of blinking {unknown}
 J - a scroll of holy word {unknown}
Potions
 g - a potion of might
 k - a potion of magic {unknown}
 m - 2 potions of mutation
 s - 2 potions of lignification {unknown}
 z - 2 potions of haste {unknown}
 K - a potion of ambrosia {unknown}
 N - a potion of flight {unknown}


   Skills:
 * Level 12.2 Fighting
 * Level 6.4 Dodging
 - Level 1.0 Shields
 * Level 11.6 Spellcasting
 - Level 1.0 Evocations


You couldn't memorise any spells.
You knew the following spells:

 Your Spells              Type           Power      Damage    Failure   Level
a - Magic Dart            Conj           100%       1d8       1%          1
b - Blink                 Tloc           N/A        N/A       1%          2
c - Call Imp              Summ           64%        N/A       1%          2
d - Slow                  Hex            64%        N/A       1%          2
e - Conjure Flame         Conj/Fire      64%        6-21      1%          3
f - Stone Arrow           Conj/Erth      100%       3d13      1%          3
g - Static Discharge      Conj/Air       82%        N/A       1%          2
h - Searing Ray           Conj           100%       3d7       1%          2
i - Inner Flame           Hex/Fire       64%        N/A       1%          3
j - Corona                Hex            71%        N/A       1%          1
k - Sting                 Tmut/Pois      100%       1d8       1%          1
l - Ensorcelled Hibernat  Hex/Ice        100%       N/A       1%          2
m - Teleport Other        Tloc           64%        N/A       1%          3
n - Yara's Violent Unrav  Hex/Tmut       32%        3d13      1%          5
x - Mephitic Cloud        Conj/Pois/Air  82%        N/A       1%          3

Your spell library contained the following spells:

 Spells                   Type           Power      Damage    Failure   Level


Dungeon Overview and Level Annotations

Branches:
Dungeon (10/15)            Temple (1/1) D:5            Lair (0/6) D:10
    Orc (0/2) D:9

Altars:
Ashenzari
Fedhas
Gozag
Hepliaklqana
Kikubaaqudgha
Makhleb
Nemelex Xobeh
Qazlal
Sif Muna
Uskayaw
Vehumet
Zin
The Shining One

Shops:
D:8 [


Innate Abilities, Weirdness & Mutations

You are immune to sickness and miasma.
You are immune to poison.
Your flesh is very heat resistant. (rF++)
You are vulnerable to cold. (rC-)
You float through the air rather than walking.
You learn spells naturally, not from books.
Your magical power is your life essence.
You have superior vitality. (+4 HP)
You have sharp fingernails.
You are robust. (+10% HP)
Your spells are a little harder to cast, but a little more powerful.


Message History

Unknown command.
Casting: Inner Flame (safe; 1% risk of failure)
Confirm with . or Enter, or press ? or * to list all spells.
Okay, then.
You feel better.
The yaktaur captain is engulfed in noxious fumes.
The yaktaur captain shoots a bolt.
The bolt hits you!
* * * LOW HITPOINT WARNING * * *
Unknown command.
Unknown command.
Unknown command.
Unknown command.
Casting: Inner Flame (safe; 1% risk of failure)
Confirm with . or Enter, or press ? or * to list all spells.
Okay, then.
Unknown command.
Casting: Inner Flame (safe; 1% risk of failure)
Confirm with . or Enter, or press ? or * to list all spells.
Okay, then.
Okay, then.
Okay, then.
Aiming: Charm
Press: ? - help, Shift-Dir - straight line, f/p - yaktaur captain
Aim: a yaktaur captain, wielding a +0 arbalest, wearing a ring of willpower and quivering bolts (noxious fumes, lightly wounded, chance to affect: 17%)
Okay, then.
Unknown command.
Aiming: Paralyse
Press: ? - help, Shift-Dir - straight line, f/p - yaktaur captain
Aim: a yaktaur captain, wielding a +0 arbalest, wearing a ring of willpower and quivering bolts (noxious fumes, lightly wounded, chance to affect: 17%)
Okay, then.
Unknown command.
Okay, then.
Okay, then.
It was a potion of mutation.
You feel extremely strange.
You can once more read scrolls while threatened.
You feel robust.
You feel less in control of your magic.
Your fingernails lengthen.
The yaktaur captain is engulfed in noxious fumes.
The yaktaur captain shoots a bolt.
The bolt hits you!!!
You die...

♣..♣♣ #.)###### #...
♣♣[.♣♣ ♣#..##...####...
♣♣..♣♣ ♣.#..##..........
♣♣..♣♣ . #......####.###
♣♣..♣♣ .♣ #......##.....#
♣♣..♣#♣#.#♣#......#.......
♣♣..##.#.##.####.#.......
♣....#8#.#.........._...
♣..♣##.#@##......#.......
♣..♣♣ ♣#☼#♣#......#.......
♣..♣ ♣c♣ #####.)##.....#
♣..♣ ○♣. #..####.### ...♣
.♣ ♣c#####.......... ..♣
#♣ ♣#.............. .♣
#.............. ######
#####..............
....♣#♣♣...#......########


You could see a yaktaur captain.

Vanquished Creatures
  Erica (D:8)
  A centaur warrior (D:9)
  2 two-headed ogres (D:8)
  A sixfirhy (D:7)
  Pikel (D:5)
  A cyclops (D:10)
  An ugly thing (D:9)
  3 kobold demonologists (D:9)
  A meliai (shapeshifter) (D:9)
  2 trolls (D:9)
  Sigmund (D:5)
  A vampire (D:9)
  3 shadows
  2 yaks (D:10)
  2 steam dragons
  A vampire mosquito (D:10)
  2 acid dragons (D:9)
  6 orc warriors
  Purgy (D:3)
  An ice beast (D:6)
  2 necrophages
  2 lemures (D:5)
  7 centaurs
  An ogre (D:6)
  3 kobold brigands
  4 scorpions
  A bullfrog (D:8)
  2 wyvern zombies
  A water moccasin skeleton (D:5)
  7 killer bees
  7 wights
  4 howler monkeys
  6 centaur zombies
  2 jellies
  A gnoll shaman (D:6)
  7 orc priests
  Crazy Yiuf (D:3)
  A centaur skeleton (D:4)
  3 hounds
  A bullfrog skeleton (D:7)
  Natasha (D:2)
  3 iguanas
  9 orc wizards
  3 howler monkey zombies
  Robin (D:4)
  7 adders
  8 gnolls
  3 white imps
  An ufetubus (D:4)
  A worm (D:5)
  A dart slug (D:1)
  29 orcs
  3 ball pythons
  2 bats (D:2)
  6 endoplasms
  2 giant cockroaches
  14 goblins
  12 hobgoblins
  2 jackals (D:1)
  16 kobolds
  7 quokkas
  A frilled lizard (D:2)
  A jackal skeleton (D:4)
  3 rats (D:1)
233 creatures vanquished.

Vanquished Creatures (collateral kills)
  A bullfrog (D:8)
  A killer bee (D:8)
  4 jackals (D:2)
6 creatures vanquished.

Vanquished Creatures (others)
  A kobold (D:2)
  9 plants (D:9)
10 creatures vanquished.

Grand Total: 249 creatures vanquished

Notes
Turn   | Place    | Note
-------+----------+-------------------------------------------
     0 | D:1      | dickylongcocking the Djinni Wanderer began the quest for
                  | the Orb.
     0 | D:1      | Reached XP level 1. HP: 15/15 MP: 0/0
   334 | D:1      | Reached XP level 2. HP: 17/22 MP: 0/0
   482 | D:1      | Found a faded altar of an unknown god.
   593 | D:1      | Reached skill level 1 in Fighting
  1056 | D:1      | Reached XP level 3. HP: 26/27 MP: 0/0
  1056 | D:1      | Learned a level 1 spell: Sting
  1452 | D:2      | Reached skill level 2 in Fighting
  1515 | D:2      | Reached XP level 4. HP: 8/33 MP: 0/0
  2274 | D:2      | Noticed Natasha
  2277 | D:2      | Killed Natasha
  2278 | D:2      | Reached XP level 5. HP: 33/39 MP: 0/0
  2278 | D:2      | Learned a level 2 spell: Ensorcelled Hibernation
  2540 | D:3      | Reached skill level 3 in Fighting
  2770 | D:3      | Noticed Purgy
  2788 | D:3      | Killed Purgy
  2789 | D:3      | Reached XP level 6. HP: 21/47 MP: 0/0
  3040 | D:3      | Found a runed translucent door.
  3041 | D:3      | Noticed Crazy Yiuf
  3606 | D:3      | Killed Crazy Yiuf
  3685 | D:4      | Noticed a necrophage
  3691 | D:4      | Killed a necrophage
  3692 | D:4      | Reached skill level 4 in Fighting
  3701 | D:4      | Reached XP level 7. HP: 33/53 MP: 0/0
  3701 | D:4      | Learned a level 3 spell: Stone Arrow
  3831 | D:4      | Noticed Robin
  3839 | D:4      | Killed Robin
  4332 | D:4      | Reached skill level 5 in Fighting
  4808 | D:5      | Entered Level 5 of the Dungeon
  4822 | D:5      | Found a staircase to the Ecumenical Temple.
  4856 | D:5      | Found a glowing golden altar of the Shining One.
  4918 | Temple   | Entered the Ecumenical Temple
  4975 | Temple   | Became a worshipper of Makhleb the Destroyer
  5128 | D:5      | Reached XP level 8. HP: 54/60 MP: 0/0
  5187 | D:5      | Noticed Sigmund
  5195 | D:5      | Killed Sigmund
  5196 | D:5      | Reached skill level 6 in Fighting
  6052 | D:5      | Noticed Pikel
  6059 | D:5      | Killed Pikel
  6060 | D:5      | Reached skill level 7 in Fighting
  6060 | D:5      | Reached XP level 9. HP: 45/68 MP: 0/0
  6060 | D:5      | Learned a level 3 spell: Teleport Other
  6474 | D:6      | Reached skill level 8 in Fighting
  7299 | D:6      | Reached * piety under Makhleb
  7673 | D:7      | Found a runed translucent door.
  7944 | D:7      | Noticed a sixfirhy
  8058 | D:7      | Killed a sixfirhy
  8059 | D:7      | Reached skill level 9 in Fighting
  8059 | D:7      | Reached XP level 10. HP: 26/78 MP: 0/0
  8356 | D:7      | Reached skill level 10 in Spellcasting
  9028 | D:7      | Found a hide-covered altar of Uskayaw.
  9267 | D:8      | Found Ofyderase's Antique Armour Shop.
  9267 | D:8      | Noticed Erica
  9268 | D:8      | Found an opulent altar of Gozag.
  9280 | D:8      | Killed Erica
  9281 | D:8      | Reached skill level 10 in Fighting
  9295 | D:8      | Bought a runed scarf for 208 gold pieces
  9299 | D:8      | Noticed a two-headed ogre
  9320 | D:8      | Noticed a two-headed ogre
 10121 | D:8      | Killed a two-headed ogre
 10121 | D:8      | Reached ** piety under Makhleb
 10130 | D:8      | Reached XP level 11. HP: 43/86 MP: 0/0
 10130 | D:8      | Learned a level 5 spell: Yara's Violent Unravelling
 10139 | D:8      | Killed a two-headed ogre
 10140 | D:8      | Reached skill level 11 in Fighting
 11062 | D:9      | Found a hazy altar of Hepliaklqana.
 11392 | D:9      | Noticed a cyan ugly thing
 11406 | D:9      | Killed a cyan ugly thing
 11585 | D:9      | Reached *** piety under Makhleb
 11694 | D:9      | Noticed a centaur warrior
 11704 | D:9      | Killed a centaur warrior
 11705 | D:9      | Reached skill level 5 in Dodging
 11986 | D:9      | Found a staircase to the Orcish Mines.
 12072 | D:10     | Entered Level 10 of the Dungeon
 12408 | D:10     | Noticed a cyclops
 12414 | D:10     | Killed a cyclops
 12415 | D:10     | Reached skill level 12 in Fighting
 12458 | D:10     | Reached XP level 12. HP: 63/95 MP: 0/0
 12714 | D:10     | Gained mutation: You sometimes lose the ability to read
                  | scrolls when taking damage. [you]
 13100 | D:10     | Found a staircase to the Lair.
 13316 | D:10     | Noticed a yaktaur captain
 13327 | D:10     | Lost mutation: You sometimes lose the ability to read
                  | scrolls when taking damage. [potion of mutation]
 13327 | D:10     | Gained mutation: You are robust. (+10% HP) [potion of
                  | mutation]
 13327 | D:10     | Gained mutation: Your spells are a little harder to cast,
                  | but a little more powerful. [potion of mutation]
 13327 | D:10     | Gained mutation: You have sharp fingernails. [potion of
                  | mutation]
 13327 | D:10     | Shot with a bolt by a yaktaur captain

Illustrated notes

Levels and vault maps discovered:
D:1:      saegor_arrival_miasma, layout_loops_corners,
          chequers_ecumenical_altar_island
D:2:      layout_basic, lemuel_another_geyser, uniq_natasha
D:3:      layout_basic, serial_bayou_crossing, uniq_crazy_yiuf_cottage,
          uniq_purgy
D:4:      layout_rooms, kennysheep_path_1, uniq_robin
D:5:      layout_basic, tso_metal_star, minmay_temple_entry_trees, uniq_pikel,
          uniq_sigmund
D:6:      layout_basic, gup_sewer_entry_glass, minmay_between
D:7:      cheibrodos_shockbox, layout_basic, kennysheep_little_box
D:8:      layout_cave_pools, nicolae_gozag_cash_rules_everything_around_me,
          serial_shops, nicolae_shop_crystal, uniq_erica
D:9:      layout_cave_pools, nicolae_hepliaklqana_hazy_memory,
          nicolae_overflow_crystal_walls, orc_0_dummy, minmay_diamond_spiral
D:10:     nzn_winding_woodlands_large [nzn_winding_woodlands_hourglass,
          nzn_winding_woodlands_5x15_river_crossing,
          nzn_winding_woodlands_5x5_perimeter,
          nzn_winding_woodlands_center_diamonds,
          nzn_winding_woodlands_15x15_thick_spiral,
          nzn_winding_woodlands_center_pierced_h,
          nzn_winding_woodlands_5x5_cross, nzn_winding_woodlands_5x15_longhouse,
          nzn_winding_woodlands_5x5_open_star], layout_long_grid,
          old_standard_altar
Temple:   regret_index_temple_sphere_string

Skill      XL: |  1  2  3  4  5  6  7  8  9 10 11 12 |
---------------+-------------------------------------+-----
Fighting       | 1 2 3 4 5 7 9 10 12 | 12.2
Spellcasting   | 7 8 9 10 11 | 11.6
Dodging        | 5 6 |  6.4
Shields        | |  1.0
Evocations     | |  1.0

Action                   |  1- 3 |  4- 6 |  7- 9 | 10-12 || total
-------------------------+-------+-------+-------+-------++-------
Melee: Staff             |       |     7 |    13 |     9 ||    29
       Dagger            |       |       |     2 |       ||     2
 Cast: Magic Dart        |    52 |    12 |       |     3 ||    67
       Call Imp          |     3 |     2 |       |     5 ||    10
       Sting             |       |    21 |     7 |    11 ||    39
       Static Discharge  |       |    17 |    60 |    33 ||   110
       Ensorcelled Hiber |       |     2 |     1 |     5 ||     8
       Mephitic Cloud    |       |     2 |     1 |    10 ||    13
       Searing Ray       |       |     2 |    11 |    34 ||    47
       Stone Arrow       |       |       |    24 |    79 ||   103
       Blink             |       |       |       |    14 ||    14
       Inner Flame       |       |       |       |    17 ||    17
       Conjure Flame     |       |       |       |     5 ||     5
       Corona            |       |       |       |     3 ||     3
       Yara's Violent Un |       |       |       |     3 ||     3
       Slow              |       |       |       |     1 ||     1
Evoke: Wand              |       |       |       |     2 ||     2
  Use: Scroll            |       |     5 |     1 |     1 ||     7
       Potion            |       |       |       |    10 ||    10
 Stab: Sleeping          |       |       |     1 |       ||     1
Armor: Robe              |     2 |     7 |    24 |       ||    33
       Steam dragon scal |       |       |    10 |    33 ||    43
       Leather armour    |       |       |     6 |       ||     6
       Acid dragon scale |       |       |       |    41 ||    41
Dodge: Dodged            |     8 |    26 |    64 |    90 ||   188
       Rpst.: Scimitar   |       |       |       |     9 ||     9

Table legend: (Time is in decaauts)
 A = Elapsed time spent in this place.
 B = Non-inter-level travel time spent in this place.
 C = Inter-level travel time spent in this place.
 D = Time resting spent in this place.
 E = Time spent auto-exploring this place.
 F = Levels seen in this place.
 G = Mean time per level.
                   A        B        C        D        E       F      G
               +--------+--------+--------+--------+--------+-----+--------+
         Total |  13328 |  13099 |    229 |   1205 |  10491 |  11 | 1211.6 |
       Dungeon |  13253 |  13051 |    202 |   1205 |  10445 |  10 | 1325.3 |
        Temple |     74 |     48 |     26 |      0 |     46 |   1 |   74.0 |
               +--------+--------+--------+--------+--------+-----+--------+

Top non-repeatable levels by time:
     D:7: 1938 daAuts
     D:5: 1487 daAuts
     D:8: 1400 daAuts
     D:6: 1296 daAuts
     D:1: 1296 daAuts
     D:3: 1287 daAuts
    D:10: 1253 daAuts
     D:4: 1129 daAuts
     D:2: 1096 daAuts
     D:9: 1068 daAuts
  Temple: 74 daAuts
